Map: Acropolis LE

Players

KingFisher - Winner!

  • Race: Protoss Protoss
  • Spawn Location: 5:00

Methodape

  • Race: Terran Terran
  • League: Master
  • Spawn Location: 11:00

VOD

Have the link to the VOD?

Description

Draft version project SuprEMP

Time

  • Played on: Sept. 2, 2019, 9:40 a.m.
  • Length: 15:54
Show
View Real Time Build Order
Export as new Build Order

KingFisher Protoss - Winner!

Build Orders: 1 Gate Expand, Phoenix Opening, Archon Immortal, Blink Stalkers 

Get SALT Encoding   

  12  0:01  Probe  
  13  0:13  Probe  
  14  0:18  Pylon  
  14  0:25  Probe  
  15  0:34  Probe  
  15  0:39  Gateway  
  15  0:42  Probe  
  17  0:51  Probe, Assimilator  
  18  1:03  Probe  
  19  1:15  Probe  
  20  1:34  Cybernetics Core  
  20  1:38  Nexus  
  20  1:43  Probe  
  21  1:48  Pylon  
  21  1:54  Assimilator  
  21  1:57  Probe  
  21  2:01  Adept  
  22  2:09  Probe  
  22  2:12  Warp Gate  
  25  2:21  Probe  
  26  2:31  Sentry  
  26  2:33  Probe  
  29  2:41  Twilight Council  
  29  2:45  Probe  
  29  2:47  Blink  
  29  2:50  Stalker  
  30  2:55  Probe  
  30  2:57  Probe  
  34  3:07  Probe  
  34  3:09  Probe  
  36  3:13  Phoenix  
  36  3:15  Pylon  
  36  3:19  Probe  
  37  3:21  Probe  
  37  3:26  Gateway  
  38  3:31  Gateway  
  38  3:33  Probe  
  39  3:36  Probe  
  40  3:45  Probe  
  41  3:48  Probe  
  42  3:57  Probe  
  42  3:58  Pylon  
  42  3:59  Assimilator  
  42  4:00  Probe  
  44  4:09  Probe, Stalker  
  47  4:13  Probe  
  48  4:18  Robotics Facility  
  48  4:21  Probe, Stalker  
  51  4:25  Shield Battery, Probe  
  52  4:33  Probe  
  52  4:37  Pylon, Probe  
  54  4:40  Stalker x2  
  59  4:45  Probe  
  59  4:49  Probe, Sentry  
  62  4:57  Probe  
  62  4:59  Immortal  
  63  5:02  Nexus  
  63  5:07  Probe  
  63  5:09  Probe  
  63  5:14  Pylon  
  69  5:16  Assimilator  
  69  5:20  Forge, Probe  
  70  5:25  Pylon  
  64  5:31  Probe x2  
  60  5:39  Probe x2  
  60  5:46  Protoss Ground Weapons Level 1  
  60  5:47  Probe x2  
  62  5:54  Charge  
  62  5:55  Pylon  
  64  5:57  Probe  
  64  5:58  Probe  
  64  5:59  Observer  
  64  6:03  Templar Archives  
  67  6:09  Probe  
  67  6:10  Probe  
  69  6:14  Probe  
  69  6:15  Zealot x2  
  69  6:18  Probe  
  74  6:22  Probe x2  
  76  6:26  Probe  
  76  6:27  Observer  
  76  6:31  Gateway  
  79  6:34  Probe  
  79  6:36  Probe x2  
  79  6:38  Robotics Facility  
  82  6:46  Probe  
  83  6:48  Probe  
  83  6:50  Immortal  
  88  6:55  Probe  
  88  6:58  Probe  
  88  6:59  Pylon  
  88  7:00  Probe  
  91  7:02  Forge  
  91  7:05  Gateway  
  91  7:06  Gateway  
  91  7:09  Pylon, Probe  
  91  7:10  Probe  
  91  7:12  Probe  
  93  7:16  Immortal  
  93  7:18  High Templar x2  
  93  7:20  Immortal  
  93  7:21  Probe  
  93  7:22  Archon  
  106  7:36  Assimilator x2  
  106  7:37  Pylon  
  106  7:40  Protoss Ground Armor Level 1, Gateway  
  106  7:41  Gateway  
  106  7:55  Immortal  
  110  7:59  Immortal  
  110  8:03  Pylon  
  114  8:11  Gateway  
  114  8:14  Gateway  
  114  8:22  High Templar  
  114  8:23  Pylon, High Templar, Stalker x2  
  120  8:29  Archon  
  120  8:32  Stalker x2  
  122  8:34  Immortal  
  122  8:36  Pylon  
  122  8:38  Immortal  
  130  8:46  Zealot x3  
  130  8:47  Zealot  
  114  9:00  Stalker  
  114  9:01  Stalker x3  
  112  9:09  Zealot x6  
  98  9:16  Immortal  
  96  9:24  Zealot x2  
  90  9:27  Stalker x2  
  90  9:28  Probe  
  90  9:37  Stalker x2  
  88  9:38  Psionic Storm  
  88  9:41  Probe x2  
  88  9:55  High Templar x4  
  96  10:03  Immortal  
  96  10:06  Immortal  
  104  10:16  Protoss Ground Weapons Level 2  
  104  10:22  Shield Battery  
  104  10:23  Shield Battery  
  104  10:24  Shield Battery  
  102  10:29  Immortal  
  102  10:40  Immortal  
  102  10:41  Probe x3  
  106  10:53  Probe x2  
  106  10:54  Protoss Ground Armor Level 2  
  108  11:03  Nexus  
  108  11:07  Pylon  
  108  11:09  Observer  
  112  11:11  Immortal  
  112  11:24  Immortal  
  115  11:27  Zealot  
  115  11:36  Stargate  
  115  11:38  Stalker  
  116  11:41  Stalker  
  116  11:44  Probe  
  119  11:50  Observer, Probe  
  121  11:58  Stargate  
  119  12:02  Photon Cannon  
  119  12:03  Immortal  
  119  12:07  Stalker x3  
  129  12:17  Warp Prism, Assimilator  
  129  12:20  Assimilator  
  131  12:34  Stalker x3  
  131  12:35  Stalker x2  
  141  12:41  Robotics Bay  
  141  12:52  Photon Cannon  
  141  12:56  Photon Cannon  
  141  12:57  Probe x2  
  144  12:58  Probe  
  144  13:06  Zealot  
  144  13:08  High Templar x4  
  154  13:16  Archon  
  154  13:17  Stalker x2  
  154  13:18  Stalker x2  
  162  13:20  High Templar  
  162  13:21  Probe x2  
  162  13:23  Observer  
  162  13:25  Probe x2  
  169  13:29  Photon Cannon  
  169  13:33  Probe  
  170  13:41  Zealot x4  
  170  13:44  Stalker  
  180  13:56  Photon Cannon  
  180  13:57  Pylon  
  179  14:06  Pylon  
  179  14:08  Pylon  
  173  14:14  Probe  
  173  14:15  Probe x3  
  171  14:19  Pylon  
  171  14:21  Stalker  
  171  14:22  Probe, Stalker  
  173  14:27  Probe x3  
  173  14:29  Stalker  
  173  14:30  Probe  
  174  14:31  Stalker  
  177  14:42  High Templar x3  
  177  14:43  High Templar x2  
  187  14:46  Archon  
  187  14:47  Archon  
  187  14:52  Probe x3  
  136  15:15  Archon  
  136  15:16  Archon  
  140  15:38  Nexus  
Show
View Real Time Build Order
Export as new Build Order

Methodape Terran 

Build Orders: Cyclone Opening, Gas First Reaper Expand, Mech 

Get SALT Encoding   

  12  0:01  SCV  
  13  0:13  SCV  
  14  0:17  Supply Depot  
  14  0:25  SCV  
  15  0:29  Refinery  
  15  0:39  SCV  
  16  0:44  Barracks  
  16  0:51  SCV  
  17  1:05  SCV  
  18  1:19  SCV  
  19  1:33  Orbital Command, Reaper  
  20  1:48  Command Center  
  20  2:00  Factory, SCV  
  21  2:09  Barracks Tech Lab  
  21  2:13  SCV  
  21  2:15  Refinery  
  22  2:20  Supply Depot  
  22  2:25  SCV  
  23  2:38  Barracks Reactor  
  23  2:42  SCV  
  24  2:52  Cyclone  
  24  2:55  SCV  
  28  3:00  Orbital Command  
  28  3:03  Engineering Bay  
  28  3:07  SCV  
  29  3:15  Marine x2  
  29  3:19  Starport, SCV  
  32  3:30  Bunker, SCV  
  32  3:31  SCV  
  34  3:35  Supply Depot  
  34  3:44  SCV x2  
  36  3:48  Marine  
  36  3:49  Widow Mine  
  36  3:50  Widow Mine  
  41  3:56  Medivac  
  41  3:57  SCV  
  41  3:58  SCV  
  41  4:02  Refinery  
  45  4:06  Marine  
  45  4:08  Supply Depot  
  46  4:11  SCV  
  46  4:12  Refinery  
  46  4:14  Widow Mine x2  
  46  4:16  SCV  
  52  4:23  SCV  
  53  4:28  SCV  
  53  4:29  Starport Tech Lab  
  54  4:35  Supply Depot, SCV  
  55  4:40  SCV  
  56  4:47  SCV  
  56  4:50  Factory, Raven  
  56  4:51  Factory  
  56  4:52  SCV  
  61  5:00  SCV  
  61  5:03  Siege Tank  
  61  5:04  SCV  
  64  5:12  SCV  
  64  5:13  Supply Depot  
  65  5:14  Supply Depot  
  65  5:16  Barracks Reactor, SCV  
  65  5:19  Missile Turret  
  66  5:24  SCV  
  67  5:36  Siege Tank  
  67  5:37  Factory Tech Lab  
  67  5:42  Factory  
  70  5:43  SCV  
  70  5:45  Ghost Academy  
  70  5:49  SCV  
  72  5:52  Supply Depot  
  72  5:54  Hellion x2  
  72  5:56  Siege Tank, SCV  
  70  6:04  SCV  
  70  6:07  Missile Turret  
  70  6:08  SCV  
  70  6:09  Missile Turret  
  75  6:11  Siege Tank  
  75  6:12  Supply Depot  
  75  6:16  SCV  
  78  6:25  SCV  
  78  6:31  Supply Depot x2  
  79  6:34  Siege Tank  
  79  6:35  Hellion x2  
  89  6:47  Hellion x2  
  89  6:50  Unknown  
  92  6:54  Hellion  
  92  6:56  Hellion  
  92  6:57  Starport Tech Lab  
  92  7:00  Supply Depot  
  92  7:01  Supply Depot  
  96  7:02  Missile Turret  
  96  7:03  Armory  
  96  7:04  Hellion  
  96  7:06  Hellion  
  100  7:13  Hellion x2  
  104  7:15  Infernal Pre-Igniter  
  104  7:18  SCV  
  105  7:24  Unknown  
  105  7:27  Missile Turret  
  105  7:29  Hellion x3  
  113  7:30  Hellion  
  113  7:31  Missile Turret  
  113  7:32  SCV  
  113  7:33  Medivac  
  116  7:39  Hellion  
  116  7:41  SCV  
  120  7:44  SCV  
  120  7:47  Hellion  
  122  7:51  Siege Tank, Hellion  
  122  7:52  Hellion x3  
  131  8:06  Command Center  
  131  8:13  Siege Tank  
  131  8:17  Supply Depot  
  131  8:18  Supply Depot  
  131  8:19  Supply Depot  
  134  8:29  Hellion  
  133  8:39  Siege Tank, Hellion x3  
  142  8:46  Hellion  
  121  9:01  Hellion x2  
  116  9:07  Siege Tank  
  111  9:11  Siege Tank  
  112  9:22  Hellion x2  
  108  9:29  Liberator  
  104  9:33  Hellion  
  104  9:34  Hellion  
  104  9:38  SCV x2  
  89  9:39  Siege Tank  
  89  9:43  Siege Tank, Hellion  
  95  9:47  Factory  
  95  9:50  SCV  
  95  9:52  Hellion  
  99  9:57  Barracks  
  99  9:58  Terran Vehicle And Ship Armor Level 1  
  99  10:11  Unknown, Siege Tank  
  99  10:13  Orbital Command  
  104  10:14  Refinery  
  104  10:15  Siege Tank, Refinery  
  104  10:17  SCV  
  104  10:20  Hellion x2  
  110  10:25  SCV  
  110  10:27  Hellion  
  113  10:29  SCV  
  112  10:40  Unknown  
  108  10:43  Siege Tank  
  108  10:44  Hellion x3  
  108  10:47  Siege Tank  
  108  10:48  Factory Tech Lab  
  116  10:50  Barracks Tech Lab  
  116  10:52  SCV  
  116  10:53  SCV  
  118  11:10  Sensor Tower, Siege Tank  
  118  11:11  Command Center, Hellion  
  123  11:12  Supply Depot, SCV  
  123  11:13  Supply Depot  
  122  11:29  Armory  
  122  11:31  Siege Tank, Hellion x2  
  122  11:32  Hellion  
  131  11:35  Medivac  
  131  11:37  SCV  
  134  11:41  SCV  
  134  11:42  Supply Depot  
  135  11:53  SCV  
  135  11:54  Thor x2, Hellion  
  143  11:55  Hellion  
  143  11:57  Supply Depot  
  143  11:58  Supply Depot  
  153  12:04  Thor  
  159  12:12  Supply Depot  
  159  12:13  Supply Depot, SCV  
  160  12:16  Hellion  
  160  12:17  Hellion  
  160  12:21  Unknown x2  
  162  12:27  Hellion x4  
  168  12:34  Refinery  
  168  12:36  SCV  
  171  12:37  Hellion  
  171  12:47  Refinery  
  171  12:48  Missile Turret  
  171  12:50  Missile Turret  
  171  12:52  Missile Turret  
  171  12:59  Thor x2  
  181  13:08  Planetary Fortress  
  181  13:10  Missile Turret  
  181  13:13  Terran Vehicle Weapons Level 1  
  181  13:19  Thor  
  181  13:22  Hellion  
  187  13:33  Raven  
  189  13:42  Thor, SCV  
  188  14:04  SCV  
  188  14:08  Thor, Hellion  
  197  14:16  Medivac  
  197  14:24  SCV  
  197  14:29  Thor  
  192  14:40  Hellion x3  
  198  14:49  Command Center  
  198  14:54  Hellion  
  200  15:05  Thor  
  200  15:06  Siege Tank, Hellion  
  171  15:12  Siege Tank  
  139  15:14  Hellion x2  
  139  15:16  Hellion  
  116  15:28  Hellion  
Tags
 
Add a new tag
Caveats
  • Supply blocks, unpowered buildings, or Contaminate may cause inaccurate times.
  • Supply counts are checked every 10 seconds.